[Event "Championnat de France Alpe d'Huez 2023 "]
[Site "ALPE D'HUEZ, France"]
[Date "2023.08.19"]
[Round "1.14"]
[White "JURBERT, Chriss"]
[Black "TEXIER, Cesar"]
[Result "0-1"]
[ECO "E94"]
[WhiteElo "1655"]
[BlackElo "1778"]
[PlyCount "72"]
[EventDate "2023.08.??"]
[TimeControl "1/40+30:0"]

1. d4 {5} Nf6 {11} 2. c4 {0} g6 {7} 3. Nc3 {3} Bg7 {7} 4. e4 {4} d6 {6} 5. Nf3
{7} O-O {8} 6. Be2 {10} e5 {10} 7. Be3 {2} exd4 {54} 8. Nxd4 {14} c6 {17} 9.
O-O {256} Re8 {166} 10. f3 {815} d5 {25} 11. cxd5 {66} Nxd5 {81} 12. Nxd5 {34}
cxd5 {9} 13. Bb5 {19} Bd7 {176} 14. Qb3 {920} Bxb5 {2337} 15. Nxb5 {531} a6 {
731} 16. Nc3 {4} d4 {210} 17. Rfd1 {1084} Nc6 {682} 18. Ne2 {655} b5 {150} 19.
Rac1 {137} Rc8 {115} 20. Nxd4 {577} Nxd4 {405} 21. Rxc8 {2} Nxf3+ {62} 22. gxf3
{2} Qxc8 {12} 23. Bf4 {241} Qh3 {129} 24. a4 {195} h5 {447} 25. axb5 {214} Rxe4
{29} 26. Rd8+ {103} Kh7 {7} 27. Bg3 {4} Re2 {49} 28. Bf2 {64} Rxf2 {118} 29.
Kxf2 {18} Qh4+ {6} 30. Kg2 {22} Qxd8 {25} 31. bxa6 {25} Qd2+ {74} 32. Kh3 {88}
Qd7+ {69} 33. Kg2 {9} Be5 {90} 34. Qb4 {172} Qd3 {28} 35. Qa5 {116} Qe2+ {6}
36. Kg1 {24} Bd4+ {9} 0-1

[Event "Championnat de France Alpe d'Huez 2023 "]
[Site "ALPE D'HUEZ, France"]
[Date "2023.08.19"]
[Round "1.15"]
[White "CHARBONNEL, Jean-Jacques"]
[Black "BARCZYK, Corentin"]
[Result "1-0"]
[ECO "B01"]
[WhiteElo "1752"]
[BlackElo "1654"]
[PlyCount "133"]
[EventDate "2023.08.??"]
[TimeControl "1/40+30:0"]

1. e4 {2} d5 {12} 2. exd5 {101} Qxd5 {75} 3. Nc3 {70} Qa5 {18} 4. Bc4 {10} Nf6
{14} 5. Nge2 {40} Bf5 {132} 6. O-O {75} Nbd7 {24} 7. d3 {119} e6 {157} 8. Ng3 {
187} Bg4 {471} 9. f3 {115} Bh5 {181} 10. Nxh5 {292} Qxh5 {41} 11. Ne4 {413}
Nxe4 {107} 12. fxe4 {25} Qxd1 {86} 13. Rxd1 {49} Nb6 {250} 14. Bb3 {33} a5 {38}
15. c3 {91} a4 {38} 16. Bc2 {14} e5 {178} 17. Be3 {100} Nd7 {248} 18. Kf2 {566}
Be7 {309} 19. Ke2 {510} c5 {168} 20. b3 {99} a3 {254} 21. Rab1 {184} O-O {381}
22. g4 {122} Rfd8 {227} 23. b4 {58} cxb4 {78} 24. cxb4 {4} Nf8 {357} 25. Bb3 {
379} b5 {86} 26. Rf1 {62} Ne6 {31} 27. Bxe6 {3} fxe6 {12} 28. Rb3 {37} Ra4 {119
} 29. Rfb1 {110} Rc8 {451} 30. Kd1 {174} Kf7 {65} 31. Bd2 {211} Kg6 {470} 32.
Rc1 {105} Rxc1+ {113} 33. Kxc1 {5} Bg5 {18} 34. Rb1 {773} Bxd2+ {126} 35. Kxd2
{2} Kg5 {20} 36. Kc3 {21} Ra7 {161} 37. Rg1 {608} g6 {99} 38. Rg3 {272} Kf4 {25
} 39. Kb3 {30} Ra6 {36} 40. Rh3 {62} Ra7 {13} 41. Rg3 {32} h6 {9} 42. Rh3 {42}
Kg5 {34} 43. Rg3 {256} Ra8 {22} 44. Rf3 {210} Kxg4 {73} 45. Rf6 {17} Rd8 {719}
46. Rxg6+ {70} Kh5 {19} 47. Rxe6 {15} Rxd3+ {27} 48. Kc2 {8} Rh3 {67} 49. Rxe5+
{23} Kg4 {12} 50. Rxb5 {119} Kf4 {47} 51. Rd5 {408} Rxh2+ {308} 52. Kb3 {75}
Rh3+ {137} 53. Ka4 {19} Kxe4 {15} 54. Rd8 {26} Rh5 {878} 55. Kxa3 {118} Rd5 {93
} 56. Rh8 {362} Rd6 {124} 57. b5 {122} Kd5 {197} 58. Kb4 {30} Rg6 {85} 59. a4 {
42} Kd6 {21} 60. Rh7 {55} Rf6 {236} 61. Ka5 {53} Kc5 {160} 62. Rc7+ {68} Kd5 {
15} 63. b6 {31} Kd6 {27} 64. Rc1 {52} h5 {21} 65. b7 {22} Rf5+ {70} 66. Kb6 {14
} Rf2 {63} 67. b8=Q+ {11} 1-0

[Event "Championnat de France Alpe d'Huez 2023 "]
[Site "ALPE D'HUEZ, France"]
[Date "2023.08.19"]
[Round "1.16"]
[White "LEQUANG, Enzo"]
[Black "ANES, Thomas"]
[Result "1-0"]
[ECO "A45"]
[WhiteElo "1654"]
[BlackElo "1748"]
[PlyCount "61"]
[EventDate "2023.08.??"]
[TimeControl "1/40+30:0"]

1. d4 {6} Nf6 {7} 2. Bg5 {10} e6 {112} 3. e3 {13} c5 {83} 4. c3 {11} cxd4 {105}
5. exd4 {12} Be7 {96} 6. Nd2 {115} b6 {99} 7. Bd3 {181} Bb7 {12} 8. Ngf3 {74}
O-O {153} 9. Qc2 {126} h6 {52} 10. Bxf6 {177} Bxf6 {9} 11. Ne4 {12} Be7 {105}
12. h4 {310} f5 {809} 13. Ned2 {17} h5 {518} 14. O-O-O {82} Ba6 {625} 15. Ne5 {
142} d6 {685} 16. Ng6 {111} Rf6 {34} 17. Nf4 {42} g6 {413} 18. Rde1 {176} Qd7 {
633} 19. f3 {94} Bb7 {537} 20. Rhg1 {123} Nc6 {717} 21. g4 {112} hxg4 {215} 22.
fxg4 {26} Rc8 {40} 23. Bb5 {70} Kh7 {32} 24. d5 {74} exd5 {29} 25. Nxd5 {26}
Rf7 {30} 26. gxf5 {28} gxf5 {32} 27. Bxc6 {29} Bxc6 {28} 28. Nxe7 {18} Rxe7 {29
} 29. Rxe7+ {12} Qxe7 {0} 30. Qxf5+ {2} Kh8 {12} 31. Qxc8+ {7} 1-0

[Event "Championnat de France Alpe d'Huez 2023 "]
[Site "ALPE D'HUEZ, France"]
[Date "2023.08.20"]
[Round "2.14"]
[White "TEXIER, Cesar"]
[Black "GREISSLER, Raphael"]
[Result "0-1"]
[ECO "B58"]
[WhiteElo "1778"]
[BlackElo "1667"]
[PlyCount "60"]
[EventDate "2023.08.??"]
[TimeControl "1/40+30:0"]

1. e4 {2} c5 {9} 2. Nf3 {37} Nc6 {20} 3. d4 {28} cxd4 {18} 4. Nxd4 {7} Nf6 {36}
5. Nc3 {6} d6 {7} 6. Be2 {188} e5 {28} 7. Nf3 {366} h6 {93} 8. O-O {213} Be7 {
248} 9. Qd3 {277} O-O {321} 10. a3 {117} Be6 {295} 11. Rd1 {88} Nd7 {102} 12.
Nd5 {286} Nc5 {1249} 13. Qe3 {270} f5 {229} 14. Nxe7+ {400} Qxe7 {36} 15. exf5
{44} Bxf5 {166} 16. c4 {289} a5 {236} 17. Bd2 {246} a4 {977} 18. Bb4 {255} Bc2
{378} 19. Bxc5 {120} Bxd1 {55} 20. Bxd6 {78} Qxd6 {10} 21. Rxd1 {3} Qe7 {194}
22. Bd3 {117} e4 {325} 23. Bxe4 {138} Rad8 {44} 24. Bd5+ {41} Kh8 {8} 25. Qc3 {
68} Qf6 {100} 26. Qc2 {40} Ne5 {40} 27. Nd4 {120} Nxc4 {110} 28. Ne6 {80} Rxd5
{21} 29. Rxd5 {9} Qxe6 {24} 30. Qxc4 {5} Rc8 {14} 0-1

[Event "Championnat de France Alpe d'Huez 2023 "]
[Site "ALPE D'HUEZ, France"]
[Date "2023.08.20"]
[Round "2.15"]
[White "VERHULST, Jens"]
[Black "CHARBONNEL, Jean-Jacques"]
[Result "0-1"]
[ECO "A02"]
[WhiteElo "1666"]
[BlackElo "1752"]
[PlyCount "84"]
[EventDate "2023.08.??"]
[TimeControl "1/40+30:0"]

1. f4 {0} e5 {12} 2. fxe5 {5} d6 {5} 3. exd6 {5} Bxd6 {6} 4. Nf3 {5} Nf6 {97}
5. d4 {15} Bg4 {130} 6. Qd3 {120} Nc6 {264} 7. c3 {54} Qe7 {296} 8. Bg5 {314}
h6 {473} 9. Bh4 {136} O-O-O {377} 10. Nbd2 {86} g5 {469} 11. Bf2 {129} Rhe8 {62
} 12. O-O-O {1155} Bh5 {245} 13. g3 {841} Bg6 {160} 14. Qb5 {192} Qe6 {516} 15.
Qa4 {464} Ne4 {465} 16. Bg1 {1911} g4 {1} 17. Nh4 {414} Nxd2 {2} 18. Kxd2 {23}
Be4 {27} 19. Ng2 {361} Bxg2 {33} 20. Bxg2 {12} Qxe2+ {11} 21. Kc1 {6} Qxg2 {19}
22. d5 {6} Qxh1 {186} 23. dxc6 {79} Bf4+ {152} 24. gxf4 {18} Rxd1+ {17} 25.
Qxd1 {10} Qxc6 {26} 26. Qxg4+ {29} Qe6 {28} 27. Qg3 {87} Qe1+ {17} 28. Kc2 {63}
Re2+ {14} 29. Kb3 {17} Qxg3 {10} 30. hxg3 {11} Rg2 {5} 31. Bd4 {8} Rxg3 {9} 32.
Kc4 {22} Rg2 {17} 33. b4 {13} Rxa2 {11} 34. Kd5 {5} Kd7 {64} 35. Ke5 {15} Ra6 {
24} 36. Kf5 {28} Rc6 {61} 37. Kg4 {59} b6 {22} 38. Kh5 {58} a5 {25} 39. b5 {79}
Rc4 {57} 40. Kxh6 {36} Rxd4 {26} 41. cxd4 {7} a4 {27} 42. Kg7 {7} Ke8 {9} 0-1

[Event "Championnat de France Alpe d'Huez 2023 "]
[Site "ALPE D'HUEZ, France"]
[Date "2023.08.20"]
[Round "2.16"]
[White "PIERI , Theo"]
[Black "BUDIN, Joseph"]
[Result "1/2-1/2"]
[ECO "B11"]
[WhiteElo "1665"]
[BlackElo "1746"]
[PlyCount "105"]
[EventDate "2023.08.??"]
[TimeControl "1/40+30:0"]

1. e4 {10} c6 {13} 2. Nf3 {18} d5 {19} 3. Nc3 {10} Bg4 {9} 4. h3 {19} Bxf3 {10}
5. Qxf3 {2} e6 {19} 6. exd5 {37} cxd5 {108} 7. d4 {12} Nc6 {124} 8. Qe3 {215}
Nf6 {167} 9. Bd3 {283} a6 {253} 10. O-O {250} Nb4 {104} 11. Ne2 {226} Qc7 {453}
12. c3 {305} Nxd3 {22} 13. Qxd3 {2} Bd6 {85} 14. Bg5 {326} Ne4 {703} 15. Qe3 {
14} Nxg5 {122} 16. Qxg5 {57} O-O {38} 17. f4 {93} Qe7 {673} 18. Qg4 {512} b5 {
781} 19. f5 {382} exf5 {513} 20. Rxf5 {3} Qd7 {111} 21. Qf3 {636} Rad8 {85} 22.
Kh1 {13} Bc7 {49} 23. Rf1 {184} g6 {583} 24. Rf6 {292} a5 {21} 25. Nc1 {357}
Qe7 {97} 26. Qd3 {503} Rd6 {87} 27. R6f3 {34} Re6 {171} 28. Qxb5 {161} Qd6 {10}
29. g3 {11} Rb8 {68} 30. Qc5 {27} f5 {142} 31. Nd3 {112} Qd7 {227} 32. R1f2 {
257} Rbe8 {126} 33. c4 {212} dxc4 {158} 34. Qxc4 {3} Kh8 {14} 35. Nc5 {233}
Re1+ {9} 36. Kg2 {1} Qe7 {43} 37. d5 {92} Bb6 {52} 38. Rc2 {232} Re2+ {214} 39.
Rf2 {269} Rxf2+ {12} 40. Kxf2 {5} Qe3+ {63} 41. Kg2 {129} Rc8 {151} 42. Qa6 {
321} Rxc5 {520} 43. Re2 {29} Rc2 {814} 44. Rxc2 {7} Qg1+ {212} 45. Kf3 {27}
Qe3+ {251} 46. Kg2 {3} Qg1+ {60} 47. Kf3 {2} Qe3+ {1} 48. Kg2 {67} Qg1+ {3} 49.
Kf3 {1} Qd1+ 50. Qe2 {2} Qxd5+ {2} 51. Kf4 {6} g5+ {27} 52. Kxg5 {3} Bd8+ 53.
Kf4 {26} 1/2-1/2

[Event "Championnat de France Alpe d'Huez 2023 "]
[Site "ALPE D'HUEZ, France"]
[Date "2023.08.21"]
[Round "3.13"]
[White "CHARBONNEL, Jean-Jacques"]
[Black "MAUREL, Christophe"]
[Result "0-1"]
[ECO "C00"]
[WhiteElo "1752"]
[BlackElo "1661"]
[PlyCount "46"]
[EventDate "2023.08.??"]
[TimeControl "1/40+30:0"]

1. e4 {2} e6 {25} 2. Nf3 {9} d5 {21} 3. Nc3 {5} d4 {66} 4. Ne2 {6} c5 {58} 5.
c3 {33} dxc3 {122} 6. bxc3 {82} Nc6 {210} 7. d4 {31} Nf6 {278} 8. Ng3 {530}
cxd4 {424} 9. cxd4 {21} Bb4+ {89} 10. Bd2 {27} Qa5 {101} 11. Bxb4 {319} Nxb4 {
416} 12. Nd2 {405} O-O {170} 13. a3 {499} Nc6 {90} 14. e5 {221} Nd5 {233} 15.
Qg4 {179} Rd8 {379} 16. Nge4 {715} Nxd4 {386} 17. Bd3 {149} Nb3 {1141} 18. Rb1
{493} Nxd2 {137} 19. Nxd2 {15} Nc3 {86} 20. Bxh7+ {880} Kxh7 {41} 21. Qh3+ {49}
Kg8 {11} 22. Nc4 {22} Qd5 {144} 23. Qxc3 {135} Qe4+ {95} 0-1

[Event "Championnat de France Alpe d'Huez 2023 "]
[Site "ALPE D'HUEZ, France"]
[Date "2023.08.21"]
[Round "3.14"]
[White "GREISSLER, Raphael"]
[Black "DETRAIT, Aurelien"]
[Result "1-0"]
[ECO "C02"]
[WhiteElo "1667"]
[BlackElo "1746"]
[PlyCount "74"]
[EventDate "2023.08.??"]
[TimeControl "1/40+30:0"]

1. e4 {9} e6 {4} 2. d4 {12} d5 {3} 3. e5 {26} c5 {5} 4. c3 {6} Nc6 {4} 5. Be3 {
18} Nh6 {772} 6. Bd3 {347} Nf5 {122} 7. Bxf5 {20} exf5 {5} 8. Nf3 {104} cxd4 {
14} 9. Bxd4 {65} Be7 {55} 10. O-O {159} Be6 {11} 11. Na3 {218} a6 {137} 12. Nc2
{58} O-O {16} 13. Qd2 {109} h6 {432} 14. Kh1 {91} g5 {96} 15. h4 {20} Kg7 {283}
16. Rg1 {409} g4 {172} 17. Qf4 {341} Bxh4 {926} 18. Bc5 {1139} Rh8 {432} 19.
Bb6 {573} Bg5 {293} 20. Bxd8 {84} Bxf4 {5} 21. Bf6+ {7} Kg6 {81} 22. g3 {116}
Bg5 {142} 23. Nxg5 {54} hxg5+ {6} 24. Bxh8 {5} Rxh8+ {29} 25. Kg2 {6} Nxe5 {28}
26. Rh1 {29} Rc8 {45} 27. Nd4 {167} Bd7 {258} 28. Rh2 {134} Nf3 {111} 29. Nxf3
{40} gxf3+ {7} 30. Kxf3 {13} Bc6 {39} 31. Ke3 {56} Re8+ {21} 32. Kd4 {403} Re4+
{65} 33. Kc5 {29} f4 {9} 34. g4 {36} f3 {63} 35. Rg1 {107} Re2 {46} 36. Rgh1 {
27} Rxb2 {89} 37. Rh7 {18} Kf6 {Kxd5 [%emt 00:01:01] 76} 1-0

[Event "Championnat de France Alpe d'Huez 2023 "]
[Site "ALPE D'HUEZ, France"]
[Date "2023.08.21"]
[Round "3.15"]
[White "TELLERIA, Kelian"]
[Black "PAGE, Noah"]
[Result "1-0"]
[ECO "B23"]
[WhiteElo "1657"]
[BlackElo "1735"]
[PlyCount "82"]
[EventDate "2023.08.??"]
[TimeControl "1/40+30:0"]

1. e4 {1} c5 {6} 2. Nc3 {6} Nc6 {6} 3. f4 {4} e6 {7} 4. Nf3 {4} a6 {33} 5. g3 {
9} d5 {125} 6. d3 {8} Nf6 {128} 7. Bg2 {11} Be7 {109} 8. Ne5 {44} Qd6 {599} 9.
Nxc6 {409} Qxc6 {76} 10. O-O {412} O-O {536} 11. f5 {84} dxe4 {1308} 12. dxe4 {
134} Rd8 {93} 13. Qe2 {169} exf5 {282} 14. exf5 {171} Qc7 {152} 15. Bf4 {1033}
Bd6 {102} 16. Bxd6 {115} Qxd6 {84} 17. Rad1 {178} Qb6 {75} 18. Rxd8+ {52} Qxd8
{3} 19. Rd1 {50} Bd7 {540} 20. Bxb7 {725} Rb8 {24} 21. Bc6 {170} Qc8 {77} 22.
Bxd7 {65} Nxd7 {6} 23. b3 {285} Nf6 {158} 24. Nd5 {106} Nxd5 {32} 25. Rxd5 {8}
Qc6 {16} 26. Qd3 {34} Re8 {184} 27. Rd6 {252} Qc8 {71} 28. Qd5 {53} h6 {173}
29. Qc6 {160} c4 {360} 30. Qxc8 {48} Rxc8 {3} 31. Rxa6 {30} Rd8 {250} 32. bxc4
{148} Rd2 {17} 33. c5 {51} Rxc2 {8} 34. c6 {40} Kf8 {51} 35. a4 {34} Ke7 {51}
36. Ra7+ {48} Kf6 {142} 37. c7 {131} Ke5 {196} 38. Rb7 {112} Kd6 {98} 39. a5 {
42} Kd7 {147} 40. a6 {38} Rxc7 {98} 41. a7 {60} Ke8 {33} 1-0

[Event "Championnat de France Alpe d'Huez 2023 "]
[Site "ALPE D'HUEZ, France"]
[Date "2023.08.21"]
[Round "3.16"]
[White "ROUX, Nathan"]
[Black "BENOUARET, Idir"]
[Result "1/2-1/2"]
[ECO "D19"]
[WhiteElo "1646"]
[BlackElo "1720"]
[PlyCount "64"]
[EventDate "2023.08.??"]
[TimeControl "1/40+30:0"]

1. d4 {3} d5 {156} 2. c4 {12} c6 {62} 3. Nc3 {6} Nf6 {5} 4. Nf3 {4} dxc4 {6} 5.
a4 {6} Bf5 {8} 6. e3 {8} e6 {5} 7. Bxc4 {8} Bb4 {4} 8. O-O {13} Nbd7 {93} 9.
Qe2 {143} O-O {36} 10. e4 {181} Bg6 {23} 11. e5 {118} Nd5 {15} 12. Nxd5 {56}
cxd5 {98} 13. Bd3 {58} Bxd3 {276} 14. Qxd3 {3} Be7 {114} 15. b3 {442} Rc8 {394}
16. Bd2 {294} Nb8 {291} 17. Qb5 {433} Qd7 {681} 18. Ne1 {449} Qxb5 {468} 19.
axb5 {3} a6 {18} 20. bxa6 {15} Nxa6 {8} 21. Nd3 {278} Rc2 {182} 22. Rfd1 {385}
Rfc8 {197} 23. Rdc1 {162} h6 {202} 24. Kf1 {609} Bd8 {777} 25. Ke2 {449} Bb6 {
241} 26. Ke3 {75} Kf8 {367} 27. Rxc2 {333} Rxc2 {17} 28. Ra4 {413} Rc8 {402}
29. Nb4 {243} Nc7 {86} 30. Nd3 {171} Na6 {236} 31. Nb4 {150} Nc7 {13} 32. Nd3 {
31} Na6 {123} 1/2-1/2

[Event "Championnat de France Alpe d'Huez 2023 "]
[Site "ALPE D'HUEZ, France"]
[Date "2023.08.22"]
[Round "4.13"]
[White "DAVID, Iris"]
[Black "ALCINDOR, Samuel"]
[Result "1-0"]
[ECO "A46"]
[WhiteElo "1678"]
[BlackElo "1641"]
[PlyCount "37"]
[EventDate "2023.08.??"]
[TimeControl "1/40+30:0"]

1. d4 {5} Nf6 {10} 2. Nf3 {17} c5 {12} 3. c3 {35} g6 {290} 4. Bf4 {7} Qb6 {242}
5. Qb3 {152} Qxb3 {550} 6. axb3 {82} cxd4 {21} 7. Nxd4 {27} Nc6 {32} 8. Nb5 {22
} Nh5 {392} 9. Nc7+ {232} Kd8 {9} 10. Nxa8 {14} Nxf4 {8} 11. b4 {27} a6 {927}
12. Nb6 {164} Bg7 {12} 13. e3 {78} Ne6 {32} 14. b5 {204} axb5 {87} 15. Bxb5 {64
} Kc7 {26} 16. Nd5+ {7} Kd6 {9} 17. Nb6 {688} Kc7 {167} 18. Na8+ {34} Kb8 {39}
19. Nb6 {181} 1-0

[Event "Championnat de France Alpe d'Huez 2023 "]
[Site "ALPE D'HUEZ, France"]
[Date "2023.08.22"]
[Round "4.14"]
[White "BEDUS, Nicolas"]
[Black "GADOIS, Arnaud"]
[Result "1-0"]
[ECO "C31"]
[WhiteElo "1670"]
[BlackElo "1628"]
[PlyCount "53"]
[EventDate "2023.08.??"]
[TimeControl "1/40+30:0"]

1. e4 {195} e5 {19} 2. f4 {24} d5 {133} 3. Nf3 {123} dxe4 {165} 4. Nxe5 {11}
Bd6 {266} 5. d4 {263} Bxe5 {283} 6. fxe5 {42} c5 {32} 7. d5 {750} Ne7 {111} 8.
Nc3 {392} O-O {84} 9. Bg5 {201} h6 {347} 10. Bh4 {134} Qe8 {203} 11. Nxe4 {699}
Ng6 {53} 12. Nf6+ {666} gxf6 {33} 13. Bxf6 {10} Nxe5 {34} 14. Be2 {165} Ng4 {
103} 15. Rf1 {545} Nd7 {110} 16. Bc3 {219} Ne3 {293} 17. Qd2 {41} Nb6 {197} 18.
Rf3 {50} Nbc4 {608} 19. Rg3+ {262} Bg4 {27} 20. Qd3 {35} f5 {78} 21. h3 {198}
h5 {107} 22. hxg4 {76} hxg4 {65} 23. b3 {23} f4 {95} 24. bxc4 {373} fxg3 {209}
25. Kd2 {83} Nf5 {77} 26. Bxg4 {25} Qg6 {4} 27. Bf3 {6} 1-0

[Event "Championnat de France Alpe d'Huez 2023 "]
[Site "ALPE D'HUEZ, France"]
[Date "2023.08.22"]
[Round "4.15"]
[White "THILLEROT, Anthony"]
[Black "GREISSLER, Raphael"]
[Result "1-0"]
[ECO "A13"]
[WhiteElo "1638"]
[BlackElo "1667"]
[PlyCount "118"]
[EventDate "2023.08.??"]
[TimeControl "1/40+30:0"]

1. Nf3 {2} d5 {13} 2. c4 {9} e6 {19} 3. b3 {53} c5 {136} 4. Bb2 {118} d4 {93}
5. e3 {26} Nc6 {20} 6. exd4 {14} cxd4 {9} 7. Bd3 {257} Bc5 {247} 8. a3 {191} a5
{9} 9. O-O {140} Nf6 {117} 10. Re1 {257} O-O {121} 11. Qe2 {831} e5 {248} 12.
Ng5 {601} Bg4 {400} 13. f3 {42} Nh5 {170} 14. Ne4 {1124} Nf4 {155} 15. Qf1 {5}
Nxd3 {11} 16. Qxd3 {4} Bf5 {9} 17. Qf1 {343} Bxe4 {138} 18. fxe4 {39} f5 {8}
19. exf5 {250} Qg5 {170} 20. Qf3 {370} Qxf5 {436} 21. Qxf5 {44} d3+ {6} 22. Kh1
{182} Rxf5 {7} 23. Nc3 {33} Nd4 {221} 24. Ne4 {328} Nxb3 {156} 25. Nxc5 {23}
Nxc5 {6} 26. Bxe5 {59} Re8 {392} 27. Bc3 {69} Re2 {183} 28. Kg1 {470} Rff2 {276
} 29. Rxe2 {29} Rxe2 {7} 30. Rd1 {170} a4 {65} 31. Kf1 {87} Ne4 {78} 32. Bb4 {
38} Kf7 {53} 33. Re1 {134} Nxd2+ {181} 34. Bxd2 {10} Rxd2 {5} 35. Re4 {78} Ra2
{43} 36. Rd4 {41} Rxa3 {13} 37. Kf2 {21} Rb3 {52} 38. c5 {44} a3 {23} 39. Ke3 {
28} Ke6 {54} 40. Kd2 {42} Ke5 {136} 41. Rd8 {935} Ke4 {49} 42. g4 {84} Rb2+ {
173} 43. Kc3 {175} d2 {12} 44. h4 {86} Kf4 {58} 45. Rd4+ {15} Kg3 {10} 46. g5 {
58} g6 {7} 47. Rd7 {344} Kxh4 {9} 48. Rxh7+ {11} Kxg5 {6} 49. Rh1 {28} Kf5 {104
} 50. Rf1+ {78} Ke4 {41} 51. Rg1 {22} Ke3 {41} 52. Rh1 {142} g5 {37} 53. Rh3+ {
42} Kf2 {6} 54. Rd3 {26} g4 {27} 55. Rd7 {36} g3 {17} 56. Rd8 {24} g2 {79} 57.
Rf8+ {19} Ke3 {10} 58. Re8+ {16} Kf4 {6} 59. Rf8+ {21} Ke5 {7} 1-0

[Event "Championnat de France Alpe d'Huez 2023 "]
[Site "ALPE D'HUEZ, France"]
[Date "2023.08.22"]
[Round "4.16"]
[White "MAUREL, Christophe"]
[Black "ELEZE, Greg"]
[Result "0-1"]
[ECO "B33"]
[WhiteElo "1661"]
[BlackElo "1610"]
[PlyCount "64"]
[EventDate "2023.08.??"]
[TimeControl "1/40+30:0"]

1. e4 {19} c5 {24} 2. Nf3 {14} Nc6 {24} 3. d4 {38} cxd4 {22} 4. Nxd4 {7} Nf6 {8
} 5. Nc3 {13} e5 {27} 6. Ndb5 {51} d6 {22} 7. Nd5 {22} Nxd5 {26} 8. exd5 {4}
Nb8 {16} 9. c4 {14} Be7 {36} 10. Be2 {160} O-O {12} 11. O-O {158} a6 {53} 12.
Nc3 {20} Nd7 {59} 13. Qc2 {434} f5 {304} 14. f3 {281} Nf6 {337} 15. Bd3 {262}
f4 {1007} 16. b3 {561} Qe8 {432} 17. a4 {757} Qh5 {137} 18. Ba3 {411} g5 {320}
19. Ne4 {600} Nxe4 {327} 20. Bxe4 {40} g4 {141} 21. fxg4 {113} Bxg4 {188} 22.
Bf3 {81} Rf7 {933} 23. Qe2 {289} Bxf3 {204} 24. Rxf3 {23} Rg7 {81} 25. Re1 {186
} Kh8 {373} 26. Rf2 {568} Qh6 {264} 27. Ref1 {339} Rag8 {38} 28. Qf3 {72} Rg5 {
196} 29. Kh1 {239} Rh5 {46} 30. Rc2 {267} Rxh2+ {207} 31. Kg1 {0} Qh4 {83} 32.
g3 {249} Rxg3+ {165} 0-1

[Event "Championnat de France Alpe d'Huez 2023 "]
[Site "ALPE D'HUEZ, France"]
[Date "2023.08.23"]
[Round "5.13"]
[White "GREISSLER, Raphael"]
[Black "TELLERIA, Kelian"]
[Result "1/2-1/2"]
[ECO "B24"]
[WhiteElo "1667"]
[BlackElo "1657"]
[PlyCount "70"]
[EventDate "2023.08.??"]
[TimeControl "1/40+30:0"]

1. e4 {4} c5 {6} 2. Nc3 {12} Nc6 {9} 3. g3 {26} g6 {32} 4. Bg2 {7} Bg7 {12} 5.
d3 {18} e6 {58} 6. f4 {31} Nge7 {18} 7. Nf3 {46} d5 {102} 8. e5 {32} O-O {113}
9. O-O {39} a6 {333} 10. Ne2 {53} b5 {244} 11. g4 {43} f6 {941} 12. exf6 {72}
Bxf6 {18} 13. Ng3 {110} e5 {614} 14. fxe5 {87} Nxe5 {21} 15. Bh6 {60} Nxf3+ {
285} 16. Rxf3 {86} Bg7 {270} 17. Bxg7 {58} Kxg7 {28} 18. Rxf8 {65} Qxf8 {320}
19. Qe2 {87} Qf6 {69} 20. Re1 {144} Nc6 {125} 21. c3 {217} Bd7 {85} 22. Rf1 {
158} Qe6 {195} 23. Qf3 {266} Ne5 {593} 24. Qe3 {120} Nxg4 {83} 25. Qxc5 {103}
Qe3+ {24} 26. Qxe3 {13} Nxe3 {8} 27. Re1 {61} Re8 {158} 28. Bf3 {14} Kf8 {301}
29. Kf2 {75} Ng4+ {47} 30. Bxg4 {13} Bxg4 {11} 31. Rxe8+ {13} Kxe8 {16} 32. d4
{6} Ke7 {73} 33. b4 {22} Kf6 {42} 34. Nf1 {46} Be6 {60} 35. Kf3 {278} Kg5 {52}
1/2-1/2

[Event "Championnat de France Alpe d'Huez 2023 "]
[Site "ALPE D'HUEZ, France"]
[Date "2023.08.23"]
[Round "5.14"]
[White "ELEZE, Greg"]
[Black "BENOUARET, Idir"]
[Result "1/2-1/2"]
[ECO "E09"]
[WhiteElo "1610"]
[BlackElo "1720"]
[PlyCount "60"]
[EventDate "2023.08.??"]
[TimeControl "1/40+30:0"]

1. d4 {3} d5 {50} 2. c4 {14} c6 {6} 3. Qc2 {30} Nf6 {115} 4. Nf3 {3} e6 {505}
5. g3 {16} Nbd7 {25} 6. Nbd2 {13} Be7 {24} 7. Bg2 {10} O-O {13} 8. O-O {3} b6 {
421} 9. Rd1 {30} Bb7 {64} 10. e4 {33} dxe4 {185} 11. Nxe4 {10} Nxe4 {502} 12.
Qxe4 {6} Nf6 {242} 13. Qe2 {31} Qc7 {338} 14. Bf4 {25} Bd6 {431} 15. Bxd6 {8}
Qxd6 {7} 16. Ne5 {195} Nd7 {769} 17. f4 {906} Qc7 {392} 18. Rac1 {298} Rad8 {
499} 19. d5 {1092} c5 {711} 20. Nxd7 {1977} Rxd7 {52} 21. dxe6 {123} Rd6 {42}
22. Rd2 Rxd2 {0} 23. Qxd2 {0} Bxg2 {603} 24. exf7+ Qxf7 {0} 25. Kxg2 {0} Re8 {
629} 26. Qd3 {0} Qe7 {175} 27. Rd1 {0} Kh8 {155} 28. Kf3 {0} Qb7+ {
b3 [%clk 00:06:13] Qd7 [%emt 00:00:40] 203} 29. Qd5 Qe7 {0} 30. Qd3 {47} Qb7+ {
24} 1/2-1/2

[Event "Championnat de France Alpe d'Huez 2023 "]
[Site "ALPE D'HUEZ, France"]
[Date "2023.08.23"]
[Round "5.15"]
[White "BEAUVOIS, Benjamin"]
[Black "MUSICKI, Nicolas"]
[Result "0-1"]
[ECO "B50"]
[WhiteElo "1744"]
[BlackElo "1619"]
[PlyCount "70"]
[EventDate "2023.08.??"]
[TimeControl "1/40+30:0"]

1. e4 {3} c5 {6} 2. Nf3 {4} d6 {8} 3. c3 {6} Nf6 {36} 4. h3 {16} Nc6 {14} 5.
Bd3 {12} g6 {15} 6. Bc2 {40} Bg7 {6} 7. d4 {73} cxd4 {7} 8. cxd4 {8} O-O {101}
9. O-O {196} Nb4 {464} 10. Bb3 {180} d5 {591} 11. e5 {312} Ne4 {9} 12. Nc3 {36}
b6 {523} 13. Re1 {934} Nxc3 {419} 14. bxc3 {19} Nc6 {5} 15. a4 {399} Na5 {98}
16. Ba2 {63} Ba6 {51} 17. e6 {247} f6 {186} 18. Bf4 {219} Rc8 {92} 19. Rc1 {173
} Nc4 {605} 20. Qd3 {646} Rc6 {435} 21. Rb1 {519} Qc8 {28} 22. Rb5 {7} Rd8 {479
} 23. Qd1 {109} Bxb5 {117} 24. axb5 {7} Rxe6 {9} 25. Bxc4 {135} dxc4 {164} 26.
d5 {13} Rxe1+ {11} 27. Qxe1 {8} Qd7 {37} 28. Nd4 {40} Re8 {347} 29. Ne6 {373}
Rc8 {257} 30. Qe4 {440} f5 {151} 31. Qf3 {110} Bf6 {15} 32. g4 {51} Qxb5 {183}
33. Kg2 {150} Qb1 {22} 34. g5 {6} Bh8 {170} 35. d6 {54} exd6 {53} 0-1